 Dungeon Crawl Stone Soup version 0.18-a0-1243-g9e52518 (webtiles) character file.

3122 Duffy the Grappler (level 9, -10/76 (78) HPs)
             Began as a Ghoul Gladiator on Feb 5, 2016.
             Was a Follower of Cheibriados.
             Mangled by Empheia's ghost (17 damage)
             ... on level 8 of the Dungeon.
             The game lasted 00:11:14 (7090 turns).

Duffy the Grappler (Ghoul Gladiator)                Turns: 7090, Time: 00:11:15

HP:   -10/76 (78)   AC: 18    Str: 23    XL:     9   Next: 91%
MP:   8/8           EV:  9    Int:  5    God:    Cheibriados [*.....]
Gold: 396           SH:  0    Dex: 12    Spells: 0 memorised, 8 levels left

rFire  . . .     SeeInvis .       - Unarmed
rCold  + . .     Gourm    .     l - +0 chain mail
rNeg   + + +     Faith    .     (no shield)
rPois  ∞         Spirit   .     G - +2 hat
rElec  .         Dismiss  .     x - +0 cloak
rCorr  .         Reflect  .     r - +2 pair of gloves
SustAt .         Harm     .     m - +2 pair of boots
MR     .....                    (no amulet)
Stlth  ..........               (no ring)
                                (no ring)

@: rotting, very slow, not resistant to hostile enchantments, extremely
unstealthy
A: rotting body, claws 1, carnivore 3, cold resistance 1, negative energy
resistance 3, slow regeneration 1, torment resistance, unbreathing
a: Bend Time, Renounce Religion


You were on level 8 of the Dungeon.
You worshipped Cheibriados.
Cheibriados was aware of your devotion.
You were not hungry.

You visited 2 branches of the dungeon, and saw 9 of its levels.

You collected 396 gold pieces.


Innate Abilities, Weirdness & Mutations

Your body is rotting away.
You thrive on raw meat.
You are immune to poison.
You have sharp fingernails.
You are carnivorous and can eat meat at any time.
Your flesh is cold resistant.
You are immune to negative energy.
You regenerate slowly when monsters are visible.
You are immune to unholy pain and torment.
You can survive without breathing.


   Skills:
 + Level 6.6 Fighting
 - Level 1.7 Throwing
 + Level 2.5 Armour
 - Level 2.6 Dodging
 + Level 12.9 Unarmed Combat


You had 8 spell levels left.
You didn't know any spells.

Inventory:

Hand Weapons
 H - a +0 dagger
Missiles
 c - 4 throwing nets (quivered)
 p - 34 poisoned needles
 t - 4 tomahawks
Armour
 a - a +0 leather armour
 b - a +0 helmet
 l - a +0 chain mail (worn)
 m - a +2 pair of boots (worn)
 r - a +2 pair of gloves (worn)
 x - a +0 cloak (worn)
 G - a +2 hat (worn)
 K - a +0 plate armour
Magical Staves
 q - an uncursed staff of death {unknown}
Wands
 B - a wand of teleportation (2/9)
 E - a wand of disintegration (9/24)
 I - a wand of acid (0/15)
 J - a wand of polymorph (10/24)
 S - a wand of iceblast (5/15)
Scrolls
 g - a scroll of noise {unknown}
 j - a scroll of enchant armour {unknown}
 o - a scroll of blinking {unknown}
 w - 2 scrolls of amnesia {unknown}
 y - a scroll of remove curse {unknown}
 z - a scroll of recharging {unknown}
 A - 4 scrolls of magic mapping {unknown}
 D - a scroll of enchant weapon {unknown}
 F - a scroll of teleportation {unknown}
 L - a scroll of acquirement {unknown}
 M - a scroll of fear {unknown}
 N - a scroll of silence {unknown}
 P - a scroll of torment {unknown}
Potions
 e - a potion of ambrosia
 f - a potion of resistance
 h - a potion of lignification
 k - 3 potions of mutation
 n - 6 potions of curing
 s - 2 potions of brilliance
 u - a potion of cancellation
 C - a potion of heal wounds
 O - a potion of berserk rage {unknown}
 R - a potion of might {unknown}
Books
 i - a book of Unlife
 T - a book of Changes
Comestibles
 d - 5 meat rations
 v - a slice of pizza
 Q - 5 chunks of flesh

Dungeon Overview and Level Annotations

Branches:
Dungeon (8/15)             Temple (1/1) D:4
   Lair: D:8-11

Altars:
Ashenzari
Cheibriados
Dithmenos
Gozag
Kikubaaqudgha
Makhleb
Nemelex Xobeh
Okawaru
Pakellas
Qazlal
Ru
Trog
Vehumet
Xom
Yredelemnul
Zin
The Shining One

Annotations:
D:6 exclusion: 2 doors
D:8 Empheia's ghost, novice HuBe


Message History

Empheia's ghost hits you!
You hit Empheia's ghost.
Empheia's ghost is moderately damaged.
Empheia's ghost closely misses you.
You hit Empheia's ghost but do no damage.
Empheia's ghost is moderately damaged.
Empheia's ghost hits you!
You punch Empheia's ghost!
Empheia's ghost is moderately damaged.
You feel your flesh rotting away.
Empheia's ghost hits you but does no damage.
You pummel Empheia's ghost!!
Empheia's ghost is severely damaged.
You punch Empheia's ghost!
Empheia's ghost is almost destroyed.
Empheia's ghost hits you!
You are too injured to fight recklessly!
You are too injured to fight recklessly!
You are too injured to fight recklessly!
You closely miss Empheia's ghost.
Empheia's ghost is almost destroyed.
Empheia's ghost closely misses you.
You hit Empheia's ghost but do no damage.
You punch Empheia's ghost, but do no damage.
Empheia's ghost is severely damaged.
Empheia's ghost hits you!!
You closely miss Empheia's ghost.
Empheia's ghost is severely damaged.
You hit Empheia's ghost but do no damage.
Empheia's ghost is severely damaged.
Empheia's ghost hits you but does no damage.
You hit Empheia's ghost but do no damage.
Empheia's ghost is severely damaged.
Empheia's ghost hits you!
You die...

#...'.....##
######....## ##.....#
#......# #......#
#.....########
#.....##.....######
#............##...###
#.......@W...#......#
#......)))...#......+
##...........'......#
#...........##.....#
#...........##.....#
+....##..)..##.....#
#....##.....##.[...#
#.... #..........W.#
#....##.....##..##.#
###


You could see Empheia's ghost.

Action                   |  1- 3 |  4- 6 |  7- 9 || total
-------------------------+-------+-------+-------++-------
Melee: Unarmed           |   122 |   173 |   447 ||   742
Evoke: Wand              |       |       |     5 ||     5
  Use: Scroll            |       |       |     9 ||     9
  Eat: Chunk             |    19 |    19 |    58 ||    96

Notes
Turn   | Place    | Note
--------------------------------------------------------------
     0 | D:1      | Duffy the Ghoul Gladiator began the quest for the Orb.
     0 | D:1      | Reached XP level 1. HP: 17/17 MP: 0/0
    73 | D:1      | Reached XP level 2. HP: 22/24 MP: 1/1
    80 | D:1      | Reached skill level 4 in Unarmed Combat
   531 | D:2      | Found a basalt altar of Yredelemnul.
   627 | D:2      | Reached XP level 3. HP: 4/29 MP: 2/2
  1068 | D:2      | Reached skill level 5 in Unarmed Combat
  1243 | D:2      | Found a burning altar of Makhleb.
  1382 | D:2      | Reached XP level 4. HP: 32/36 MP: 3/3
  1795 | D:3      | Noticed FrancescoMac's ghost (amateur OpTm)
  2420 | D:4      | Found a glowing silver altar of Zin.
  2422 | D:4      | Found a shimmering altar of Xom.
  2422 | D:4      | Noticed an angel
  2463 | D:4      | Reached skill level 6 in Unarmed Combat
  2463 | D:4      | Reached XP level 5. HP: 14/41 MP: 4/4
  2680 | D:4      | Found a staircase to the Ecumenical Temple.
  2702 | Temple   | Entered the Ecumenical Temple
  2808 | D:4      | Noticed Edmund
  2830 | D:4      | Killed Edmund
  2830 | D:4      | Reached skill level 7 in Unarmed Combat
  2830 | D:4      | Reached XP level 6. HP: 29/47 MP: 5/5
  3135 | D:4      | Reached skill level 8 in Unarmed Combat
  3451 | D:4      | Reached XP level 7. HP: 55/55 MP: 6/6
  3556 | D:4      | Noticed Duvessa
  3557 | D:4      | Noticed Dowan
  3579 | D:4      | Killed Duvessa
  3579 | D:4      | Reached skill level 9 in Unarmed Combat
  3593 | D:4      | Killed Dowan
  3743 | D:3      | Killed FrancescoMac's ghost
  3974 | D:3      | Noticed Robin
  4027 | D:3      | Killed Robin
  4199 | D:4      | Reached skill level 10 in Unarmed Combat
  4199 | D:4      | Reached XP level 8. HP: 34/60 MP: 7/7
  4272 | D:5      | Entered Level 5 of the Dungeon
  4323 | D:5      | Found a shattered altar of Ashenzari.
  4323 | D:5      | Found a stormy altar of Qazlal.
  4324 | D:5      | Found a shadowy altar of Dithmenos.
  4413 | D:5      | Found an iron altar of Okawaru.
  4528 | D:5      | Reached skill level 11 in Unarmed Combat
  5096 | D:6      | Found a sparkling altar of Nemelex Xobeh.
  5164 | D:6      | Reached skill level 3 in Fighting
  5341 | D:5      | Reached skill level 4 in Fighting
  5341 | D:5      | Reached XP level 9. HP: 29/71 MP: 8/8
  5506 | D:6      | Reached skill level 12 in Unarmed Combat
  5691 | D:6      | Reached skill level 5 in Fighting
  6198 | D:7      | Found a snail-covered altar of Cheibriados.
  6201 | D:7      | Became a worshipper of Cheibriados the Contemplative
  6396 | D:7      | Found an ancient bone altar of Kikubaaqudgha.
  6556 | D:7      | Reached skill level 1 in Armour
  6600 | D:7      | Reached skill level 6 in Fighting
  6687 | D:7      | Found a glowing golden altar of the Shining One.
  6889 | D:8      | Reached skill level 2 in Armour
  6914 | D:7      | Reached * piety under Cheibriados
  7059 | D:8      | Noticed Empheia's ghost (novice HuBe)
  7090 | D:8      | Mangled by Empheia's ghost

Vault maps used:
D:1:      scummos_arrival_forest, hex_large
D:2:      lemuel_doored_altar, lemuel_crystal_altar, first_bread,
          minmay_misc_feat_doors, kennysheep_generic_room_11
D:3:      kennysheep_goblin_castle
D:4:      grunt_temple_overflow_order_and_chaos_1,
          minmay_temple_entry_junction2, uniq_edmund, uniq_duvessa
D:5:      okawaru_ov_weapons_minmay, gammafunk_temple_overflow_forgotten
D:6:      minmay_goblin_kobold_castle, nemelex_dance_club_becter
D:7:      kennysheep_mini, nicolae_overflow_crystal_walls, the_bakery,
          minmay_misc_feat_four_crosses, kennysheep_decorative_pillar,
          nicolae_tso_swordbearing_angel
D:8:      elyvilon_altar_4, david_lair_generic
Temple:   hc_temple_tempest_star_small

Vanquished Creatures
  A spriggan
  A steam dragon
  The ghost of FrancescoMac the Insei, an amateur OpTm of Sif Muna Edmund Duvessa
  A sky beast
  2 orc warriors
  4 ogres
  A centaur
  A crocodile
  3 giant frogs Dowan
  2 scorpions
  4 electric eels
  2 crimson imps
  A jelly
  6 orc priests
  2 centaur skeletons
  2 giant frog skeletons
  2 hounds
  2 orc wizards
  5 iguanas
  4 worker ants
  A hound zombie
  A hound skeleton Robin
  3 gnolls
  6 adders
  A shadow imp
  An ooze
  A worm
  2 giant geckos
  26 orcs
  6 giant cockroaches
  23 goblins
  7 hobgoblins
  7 jackals
  8 kobolds
  5 quokkas
  A ball python
  8 bats
  5 giant newts
  A quokka zombie
  14 rats
178 creatures vanquished.
